 Dungeon Crawl Stone Soup version 0.20-a0-502-g555d78b (webtiles) character file.

18 Amnesiac the Vexing (level 2, 0/19 HPs)
             Began as a Mummy Enchanter on Jan 20, 2017.
             Slain by a kobold
             ... wielding a +0 whip
              (1 damage)
             ... on level 3 of the Dungeon.
             The game lasted 00:01:33 (663 turns).

Amnesiac the Vexing (Mummy Enchanter)                Turns: 663, Time: 00:01:33

Health: 0/19       AC:  2    Str: 11    XL:     2   Next: 51%
Magic:  2/6        EV: 12    Int: 14    God:
Gold:   29         SH:  0    Dex: 12    Spells: 4/7 levels left

rFire    x . .     SeeInvis .   a - +1 dagger
rCold    + . .     Gourm    .   b - +0 robe
rNeg     + + +     Faith    .   (no shield)
rPois    ∞         Spirit   .   (no helmet)
rElec    .         Reflect  .   (no cloak)
rCorr    .         Harm     .   (no gloves)
MR       .....                  (no boots)
Stlth    ++........             (no amulet)
Regen    0.1/turn               (no ring)
                                (no ring)

@: no status effects
A: no food or potions, fire vulnerability, cold resistance 1, negative energy
resistance 3, torment resistance, unbreathing
a: no special abilities


You were on level 3 of the Dungeon.
You were not hungry.

You visited 1 branch of the dungeon, and saw 4 of its levels.

You collected 29 gold pieces.

Inventory:

Hand Weapons
 a - a +1 dagger (weapon)
Armour
 b - a +0 robe (worn)
Books
 c - a book of Maledictions

   Spells                             Type                      Level
   a - Corona                         Hexes                        1
   b - Ensorcelled Hibernation        Hexes/Ice                    2
   c - Confuse                        Hexes                        3
   d - Tukima's Dance                 Hexes                        3
   e - Dazzling Spray                 Conjuration/Hexes            3


   Skills:
 - Level 1.0 Short Blades
 - Level 1.5 Dodging
 - Level 2.4 Stealth
 + Level 3.1 Spellcasting
 * Level 3.2 Hexes


You had 4 spell levels left.
You knew the following spells:

 Your Spells              Type           Power        Failure   Level  Hunger
f - Corona                Hex            ##.....      6%          1    N/A
z - Ensorcelled Hibernat  Hex/Ice        #.....       21%         2    N/A

Dungeon Overview and Level Annotations

Branches:
Dungeon (4/15)
 Temple: D:4-7

Altars:

Annotations:
D:2 Terence
D:4 Blork the orc


Innate Abilities, Weirdness & Mutations

You do not eat or drink.
Your flesh is vulnerable to fire.
You are immune to poison.
Your flesh is cold resistant. (rC+)
You are immune to negative energy. (rN+++)
You are immune to unholy pain and torment.
You can survive without breathing.


Message History

You closely miss the kobold. The kobold barely misses you.
Casting: Corona
Confirm with . or Enter, or press ? or * to list all spells.
Aiming: Corona
Press: ? - help, Shift-Dir - straight line, f/p - kobold
Aim: a kobold, wielding a whip (chance to defeat MR: 64%)
The kobold is outlined in light.
The kobold hits you with an uncursed whip.
You barely miss the kobold. The kobold closely misses you.
You completely miss the kobold.
The kobold hits you with an uncursed whip!
* * * LOW HITPOINT WARNING * * *
Casting: Corona
Confirm with . or Enter, or press ? or * to list all spells.
Aiming: Ensorcelled Hibernation
Press: ? - help, Shift-Dir - straight line, f/p - kobold
Aim: a kobold, wielding a whip (softly glowing, chance to defeat MR: 55%)
The kobold resists with significant effort.
The kobold hits you with an uncursed whip.
You die...

#.# ##.# ### ##
#... .. .. #
#..####.##.#.#
#%.##.#.......
#.............
#...#.#....#.#
###.....#.......
#<@K.>........!#
###..........Sh.
#......####..#..
............ .#
..#.#.#...)...
.. #
#.#.##....## #.
. .. ....... #
....#.#.###


You could see a kobold.

Vanquished Creatures
  An adder (D:2)
  A dart slug (D:2)
  A leopard gecko (D:2)
  A giant cockroach (D:2)
  A quokka (D:4)
  A frilled lizard (D:3)
  A kobold (D:3)
  A rat (D:2)
8 creatures vanquished.

Notes
Turn   | Place    | Note
-------+----------+-------------------------------------------
     0 | D:1      | Amnesiac the Mummy Enchanter began the quest for the Orb.
     0 | D:1      | Reached XP level 1. HP: 13/13 MP: 4/4
    57 | D:2      | Reached skill level 1 in Short Blades
    94 | D:2      | Noticed Terence
   124 | D:2      | Reached XP level 2. HP: 11/19 MP: 4/6
   128 | D:2      | Learned a level 2 spell: Ensorcelled Hibernation
   612 | D:4      | Noticed Blork the orc
   663 | D:3      | Slain by a kobold

Vault maps used:
D:1:      evilmike_arrival_rings
D:2:      first_bread, uniq_terence, uniq_jessica
D:4:      uniq_blork_the_orc

Skill      XL: |  1 |
---------------+----+-----
Short Blades   | 1 |  1.0
Spellcasting   | 3 |  3.1
Hexes          | 3 |  3.2
Dodging        | |  1.5
Stealth        | |  2.4

Action                   || total
-------------------------++-------
Melee: Dagger            ||    31
 Cast: Corona            ||     9
       Ensorcelled Hiber ||     1
 Stab: Sleeping          ||     2
Armor: Robe              ||     5
Dodge: Dodged            ||    23
